 Dungeon Crawl Stone Soup version 0.25.1-2-g60ff931df9 (webtiles) character file.

Game seed: 17164915821140186823

5037 xzight the Grappler (level 10, -5/100 HPs)
             Began as a Troll Fighter on Oct 12, 2020.
             Was an Elder of Okawaru.
             Slain by a warg (18 damage)
             ... on level 8 of the Dungeon.
             The game lasted 00:15:14 (7477 turns).

xzight the Grappler (Troll Fighter)                 Turns: 7477, Time: 00:15:16

Health: -5/100     AC:  7    Str: 29    XL:     10   Next: 30%
Magic:  9/9        EV:  9    Int:  4    God:    Okawaru [****..]
Gold:   412        SH: 11    Dex:  9    Spells: 9/9 levels left

rFire    . . .     SeeInvis .     - Unarmed
rCold    . . .     Gourm    +   b - +0 kite shield
rNeg     . . .     Faith    +   z - +1 robe {Archmagi}
rPois    .         Spirit   .   (helmet restricted)
rElec    .         Reflect  .   (no cloak)
rCorr    .         Harm     .   (gloves unavailable)
MR       +....                  (boots unavailable)
Stlth    +.........             T - amulet of faith {!P}
HPRegen  0.66/turn              M - ring of protection from magic
MPRegen  0.11/turn              (no ring)

@: very slightly contaminated
A: large, unfitting armour, claws 3, fast metabolism 3, gourmand, regeneration
1, shaggy fur 1, tough skin 3
a: Heroism, Renounce Religion


You were on level 8 of the Dungeon.
You worshipped Okawaru.
Okawaru was greatly pleased with you.
You were very hungry.

You visited 1 branch of the dungeon, and saw 9 of its levels.

You collected 412 gold pieces.


Innate Abilities, Weirdness & Mutations

You are too large for most types of armour.
You have claws for hands.
Your metabolism is lightning-fast.
You like to eat raw meat.
Your natural rate of healing is unusually fast.
You are covered in fur. (AC +1)
You have extremely tough skin. (AC +3)


   Skills:
 + Level 6.8 Fighting
 - Level 2.4 Dodging
 + Level 6.9 Shields
 * Level 10.9 Unarmed Combat


You had 9 spell levels left.
You didn't know any spells.
Your spell library was empty.

Inventory:

Missiles
 v - 20 boomerangs (quivered)
Armour
 a - a +0 robe
 b - a +0 kite shield (worn)
 z - a +1 robe of the Archmagi (worn)
Magical Staves
 s - an uncursed staff of poison {!a, unknown}
 C - an uncursed staff of death {!a, unknown}
Jewellery
 g - an uncursed amulet of regeneration
 y - an uncursed amulet of magic regeneration {unknown}
 M - a ring of protection from magic (left claw)
 T - an amulet of faith (around neck) {!P}
Wands
 e - a wand of random effects (15)
 h - a wand of polymorph (12)
 q - a wand of enslavement (12)
 B - a wand of iceblast (8)
 D - a wand of clouds (8)
Scrolls
 f - 2 scrolls of remove curse {@r2}
 m - 5 scrolls of teleportation {@r4}
 n - a scroll of amnesia {unknown}
 p - a scroll of fear
 t - a scroll of summoning {unknown}
 A - a scroll of noise {unknown}
 G - a scroll of magic mapping {unknown}
 H - a scroll of fog {unknown}
Potions
 c - 3 potions of might
 i - 2 potions of mutation {!q}
 j - a potion of flight {unknown}
 k - 3 potions of cancellation
 l - a potion of degeneration {unknown}
 r - 4 potions of brilliance
 u - a potion of resistance
 x - 2 potions of ambrosia
 E - 2 potions of magic {unknown}
 F - a potion of invisibility {unknown}
Comestibles
 d - 21 rations {@e1}

Dungeon Overview and Level Annotations

Branches:
Dungeon (9/15)             Temple (0/1) D:7            Lair (0/6) D:9
    Orc: D:9-12

Altars:
Fedhas
Gozag
Okawaru
Qazlal
Trog

Shops:
D:5 }   D:7 *

Annotations:
D:8 3 runed translucent doors, Snicker's ghost, novice MfIE

...........## ##.....## #.(....
...........# #.......# #......
...........# ##.......## #.(....
..........## #.........# #......
..........# ##.........# #÷..<..
..........# #..........# #......
.........## #..........## #......
##.......# ##..h........# #.....#
###..†..# #...o@.......###.###.#
## ##...## #...h........##..# ###
.####...####...........###.##
..##......#............##..####
.....###..............##..>...###
.....#####...........###........#
......######........##..........#
........## ###......(...).......#
.........## ##..................


You could see 2 wargs and an orc priest.


Message History

* * * LOW HITPOINT WARNING * * *
There is an escape hatch in the ceiling, spattered with blood here.
Things that are here:
a +0 dagger; a +0 robe You block the warg's attack.
You block the orc priest's attack.
You block the warg's attack. x2; You block the orc priest's attack.
A mysterious force pulls you upwards. The hatch slams shut behind you.
Level annotation: 3 runed translucent doors, Snicker's ghost, novice MfIE Blink to where?
Press: ? - help, Dir - move target cursor You are very lightly contaminated with residual magic.
As you read the scroll of blinking, it crumbles to dust.
The orc priest calls down the wrath of Beogh upon you.
Beogh smites you!
* * * LOW HITPOINT WARNING * * *
You feel much better.
The warg howls!
The warg stops to sniff the ground.
The orc priest looks encouraged for a moment.
The warg bites you!
* * * LOW HITPOINT WARNING * * *
You closely miss the orc priest. The warg barely misses you.
You block the orc priest's attack.
You scratch the orc priest but do no damage.
The warg bites you!
* * * LOW HITPOINT WARNING * * *
The orc priest hits you with a cursed -1 club.
* * * LOW HITPOINT WARNING * * *
The warg bites you!!
You die...

Skill      XL: |  1  2  3  4  5  6  7  8  9 |
---------------+----------------------------+-----
Unarmed Combat | 3 4 5 7 8 10 | 10.9
Shields        | 3 4 5 6 |  6.9
Fighting       | 3 4 5 6 |  6.8
Dodging        | |  2.4

Action                   |  1- 3 |  4- 6 |  7- 9 | 10-12 || total
-------------------------+-------+-------+-------+-------++-------
Melee: Unarmed           |    90 |   140 |   339 |    75 ||   644
Invok: Heroism           |       |       |     1 |       ||     1
  Use: Scroll            |       |     1 |    13 |     1 ||    15
       Potion            |       |       |     4 |     3 ||     7
 Stab: Sleeping          |       |     2 |     5 |       ||     7
  Eat: Chunk             |    14 |    16 |    34 |       ||    64
       Ration            |       |       |       |     1 ||     1
Armor: Robe              |    28 |    32 |    92 |    15 ||   167
Dodge: Dodged            |    24 |    22 |   139 |    30 ||   215
Block: Kite shield       |    28 |    38 |   182 |    51 ||   299

Levels and vault maps discovered:
D:1:      saegor_arrival_simple_c, layout_loops_ring,
          hangedman_decor_peaks_small
D:2:      layout_basic
D:3:      layout_basic, first_ration, uniq_jessica
D:4:      layout_rooms, serial_curves, eino_curves_04, eino_curves_04,
          uniq_menkaure
D:5:      layout_loops_ring, lemuel_round_altar, serial_shops, shop,
          minmay_strange_pillars, okawaru_gym_becter, uniq_edmund,
          uniq_blork_the_orc, uniq_pikel
D:6:      layout_loops_ring, nicolae_overflow_crystal_walls
D:7:      layout_basic, overflow_temple_1_default, grunt_gozag_breadcrumbs,
          minmay_temple_entry_proselytizer, serial_shops, shop
D:8:      layout_cave_pods, ebering_ghost_rock_garden, david_nohive_1
D:9:      layout_irregular_city, erik_lair_orcish_takeover

Notes
Turn   | Place    | Note
-------+----------+-------------------------------------------
     0 | D:1      | xzight the Troll Fighter began the quest for the Orb.
     0 | D:1      | Reached XP level 1. HP: 22/22 MP: 0/0
   166 | D:1      | Reached XP level 2. HP: 20/29 MP: 1/1
   797 | D:2      | Reached XP level 3. HP: 36/36 MP: 2/2
   850 | D:2      | Reached skill level 3 in Unarmed Combat
   944 | D:2      | Reached XP level 4. HP: 42/44 MP: 3/3
   975 | D:2      | Reached skill level 3 in Shields
  1012 | D:2      | Reached skill level 3 in Fighting
  1319 | D:3      | Reached XP level 5. HP: 53/53 MP: 4/4
  1328 | D:3      | Noticed Jessica
  1332 | D:3      | Killed Jessica
  1332 | D:3      | Reached skill level 4 in Unarmed Combat
  2315 | D:4      | Reached XP level 6. HP: 60/61 MP: 5/5
  2591 | D:4      | Noticed Menkaure
  2606 | D:4      | Killed Menkaure
  2606 | D:4      | Reached skill level 5 in Unarmed Combat
  2646 | D:4      | Noticed a hungry ghost
  2649 | D:4      | Killed a hungry ghost
  2649 | D:4      | Reached skill level 4 in Fighting
  2649 | D:4      | Reached skill level 4 in Shields
  2649 | D:4      | Reached XP level 7. HP: 70/70 MP: 6/6
  2719 | D:5      | Entered Level 5 of the Dungeon
  2744 | D:5      | Found a stormy altar of Qazlal.
  2918 | D:5      | Reached skill level 6 in Unarmed Combat
  2964 | D:5      | Found an iron altar of Okawaru.
  2969 | D:5      | Identified a +1 robe of the Archmagi
  2969 | D:5      | Noticed Pikel
  3038 | D:5      | Killed Pikel
  3038 | D:5      | Reached skill level 7 in Unarmed Combat
  3038 | D:5      | Reached XP level 8. HP: 49/79 MP: 7/7
  3100 | D:5      | Became a worshipper of Warmaster Okawaru
  3152 | D:5      | Noticed Edmund
  3166 | D:5      | Killed Edmund
  3341 | D:5      | Reached skill level 5 in Fighting
  3341 | D:5      | Reached skill level 5 in Shields
  3363 | D:5      | Found Huruet's Gadget Boutique.
  3363 | D:5      | Noticed Blork the orc
  3373 | D:5      | Killed Blork the orc
  3726 | D:6      | Reached skill level 8 in Unarmed Combat
  3748 | D:6      | Found a bloodstained altar of Trog.
  3828 | D:6      | Reached * piety under Okawaru
  4403 | D:6      | Identified 2 potions of resistance
  4429 | D:7      | Found a staircase to the Ecumenical Temple.
  4445 | D:7      | Reached XP level 9. HP: 72/88 MP: 8/8
  4487 | D:7      | Found an opulent altar of Gozag.
  4740 | D:7      | Found Fuvi Ezysu's Assorted Antiques.
  4802 | D:7      | Reached skill level 9 in Unarmed Combat
  4816 | D:7      | Reached ** piety under Okawaru
  5222 | D:7      | Found a blossoming altar of Fedhas.
  5856 | D:8      | Reached skill level 6 in Shields
  5859 | D:8      | Reached skill level 6 in Fighting
  6003 | D:8      | Found a runed translucent gate.
  6004 | D:8      | Found a runed translucent gate.
  6004 | D:8      | Found a runed translucent gate.
  6005 | D:8      | Noticed Snicker's ghost (novice MfIE)
  6034 | D:8      | Reached skill level 10 in Unarmed Combat
  6057 | D:8      | Reached *** piety under Okawaru
  6362 | D:8      | Reached XP level 10. HP: 21/100 MP: 6/9
  6364 | D:8      | HP: 5/100 [killer bee (10)]
  6372 | D:8      | HP: 10/100 [poisoned by a killer bee]
  6377 | D:8      | HP: 5/100 [poisoned by a killer bee]
  6382 | D:8      | HP: 3/100 [poisoned by a killer bee]
  6390 | D:8      | Received a gift from Okawaru
  6391 | D:8      | HP: 10/100 [poisoned by a killer bee]
  6396 | D:8      | HP: 7/100 [poisoned by a killer bee]
  6401 | D:8      | HP: 6/100 [poisoned by a killer bee]
  6407 | D:8      | HP: 6/100 [poisoned by a killer bee]
  6412 | D:8      | HP: 8/100 [poisoned by a killer bee]
  7017 | D:8      | Reached **** piety under Okawaru
  7455 | D:9      | Found a staircase to the Lair.
  7471 | D:8      | HP: 2/99 [orc priest/divine providence (13)]
  7477 | D:8      | Slain by a warg

Vanquished Creatures
  Pikel (D:5)
  2 centaur zombies (D:8)
  A queen bee (D:8)
  A troll (D:9)
  Edmund (D:5)
  A hungry ghost (D:4)
  Menkaure (D:4)
  An orc warrior (D:7)
  2 ice beasts
  A necrophage (D:9)
  A phantom (D:8)
  An ogre (D:8)
  A centaur (D:8)
  Blork the orc (D:5)
  A big kobold (D:8)
  3 bullfrogs
  A wyvern zombie (D:6)
  2 scorpions
  22 killer bees
  3 howler monkeys (D:8)
  4 wights (D:9)
  3 crimson imps
  A centaur skeleton (D:5)
  3 hounds
  6 orc priests
  A bullfrog skeleton (D:5)
  Jessica (D:3)
  3 iguanas
  5 orc wizards
  6 worker ants
  A hound skeleton (D:9)
  A worker ant zombie (D:6)
  2 howler monkey skeletons
  11 adders
  2 adder skeletons
  A worm (D:2)
  2 dart slugs (D:1)
  6 leopard geckos
  23 orcs
  2 ball pythons
  4 goblins
  8 hobgoblins
  7 jackals
  7 kobolds
  4 quokkas
  3 bats
  4 frilled lizards
  A leopard gecko skeleton (D:7)
  7 rats
177 creatures vanquished.

Table legend:
 A = Turns spent in this place as a percentage of turns spent in the entire game.
 B = Non-inter-level travel turns spent in this place as a percentage of non-inter-level travel turns spent in the entire game.
 C = Inter-level travel turns spent in this place as a percentage of turns spent in this place.
 D = Turns resting spent in this place as a percentage of non-inter-level travel turns spent in this place.
 E = Turns spent auto-exploring this place as a percentage of non-inter-level travel turns spent in this place.
 F = Non-inter-level travel turns spent in this place divided by the number of levels of this place that you've seen.
                   A       B       C       D       E      F
               +-------+-------+-------+-------+-------+----------------------
         Total | 100.0 | 100.0 |   3.3 |  13.9 |  66.6 | 803.4
       Dungeon | 100.0 | 100.0 |   3.3 |  13.9 |  66.6 | 803.4
               +-------+-------+-------+-------+-------+----------------------

Table legend:
 A = Non-vault XP
 B = Vault XP
 C = Vault XP percentage of total XP
 D = Non-vault monster count
 E = Vault monster count
 F = Vault count percentage of total count
                 A         B        C        D         E       F
            +---------+---------+-------+---------+---------+-------
      Total |    4781 |    2416 |  33.6 |     155 |      22 |  12.4
            +---------+---------+-------+---------+---------+-------
        D:1 |      40 |       0 |   0.0 |      20 |       0 |   0.0
        D:2 |     122 |       0 |   0.0 |      14 |       0 |   0.0
        D:3 |      90 |      37 |  29.1 |      22 |       1 |   4.3
        D:4 |     378 |     172 |  31.3 |      10 |       1 |   9.1
        D:5 |     423 |     951 |  69.2 |      19 |       3 |  13.6
        D:6 |     439 |       0 |   0.0 |      13 |       0 |   0.0
        D:7 |     956 |      41 |   4.1 |      21 |       1 |   4.5
        D:8 |    1603 |    1175 |  42.3 |      28 |      15 |  34.9
        D:9 |     730 |      40 |   5.2 |       8 |       1 |  11.1
            +---------+---------+-------+---------+---------+-------
